 Dungeon Crawl Stone Soup version 0.18-a0-74-gda9d8c9 (webtiles) character file.

24009 Duffy the Black Belt (level 13, -7/80 HPs)
             Began as a Tengu Monk on Nov 12, 2015.
             Was the Champion of Cheibriados.
             Mangled by nublet's ghost (12 damage)
             ... in a volcano.
             The game lasted 00:23:09 (16829 turns).

Duffy the Black Belt (Tengu Monk)                  Turns: 16829, Time: 00:23:09

Health: -7/80      AC: 17    Str: 31    XL:     13   Next: 10%
Magic:  14/20      EV: 22    Int: 26    God:    Cheibriados [******]
Gold:   638        SH:  0    Dex: 32    Spells: 1 memorised, 10 levels left

rFire  . . .     SeeInvis .       - Unarmed
rCold  . . .     Clarity  .     Q - +0 plate armour {rPois}
rNeg   . . .     SustAt   +     (no shield)
rPois  +         Gourm    +     P - +0 hat
rElec  .         Spirit   .     x - +0 cloak
rCorr  .         Warding  .     (no gloves)
rMut   .         Stasis   .     (boots unavailable)
MR     .....                    D - amulet of the gourmand
Stlth  ..........               B - +3 ring of protection
                                h - ring of sustain attributes

@: flying quickly and evasively, very slow, not resistant to hostile
enchantments, extremely unstealthy
A: beak, talons 3, able to fly 1
a: Bend Time, Temporal Distortion, Slouch, Step From Time, Renounce Religion


You were in a volcano.
You worshipped Cheibriados.
Cheibriados was exalted by your worship.
You were very full.

You visited 3 branches of the dungeon, and saw 17 of its levels.
You also visited: Ice Cave and Volcano.

You collected 638 gold pieces.


Innate Abilities, Weirdness & Mutations

You have a beak for a mouth.
You have claws for feet.
You can fly.


   Skills:
 + Level 9.3 Fighting
 + Level 7.7 Armour
 - Level 10.0 Dodging
 - Level 2.0 Stealth
 - Level 15.0 Unarmed Combat
 - Level 8.5 Invocations


You had 10 spell levels left.
You knew the following spells:

 Your Spells              Type           Power        Failure   Level  Hunger
m - Repel Missiles        Chrm/Air       #.....       97%         2    ###....

Inventory:

Hand Weapons
 a - a +2 blowgun
Missiles
 v - 97 poisoned needles
 y - 13 curare-tipped needles
 A - 3 throwing nets (quivered)
Armour
 x - a +0 cloak (worn)
 P - a +0 hat (worn)
 Q - a +0 plate armour of poison resistance (worn)
Jewellery
 h - a ring of sustain attributes (left hand)
 B - a +3 ring of protection (right hand)
 D - an amulet of the gourmand (around neck)
Wands
 k - a wand of frost (28)
 M - a wand of digging (3)
 O - a wand of digging (5)
Scrolls
 d - 7 scrolls of enchant armour
 e - 3 scrolls of magic mapping
 i - 9 scrolls of remove curse
 o - a scroll of brand weapon {unknown}
 p - 5 scrolls of fog
 r - 3 scrolls of immolation
 s - 3 scrolls of teleportation
 t - 2 scrolls of recharging
 w - 2 scrolls of random uselessness {unknown}
 C - 2 scrolls of amnesia {unknown}
 F - 3 scrolls of blinking
 K - a scroll of vulnerability {unknown}
Potions
 c - 6 potions of curing
 g - 2 potions of heal wounds
 m - a potion of brilliance {unknown}
 H - a potion of lignification
 I - a potion of resistance {unknown}
 J - a potion of agility {unknown}
Comestibles
 b - 10 bread rations
 f - 8 beef jerkies
 n - 3 slices of pizza
 q - 6 meat rations
 E - a royal jelly
 G - a fruit

Dungeon Overview and Level Annotations

Branches:
Dungeon (13/15)            Temple (1/1) D:5            Lair (3/8) D:8
  Swamp (0/4) Lair:3
  Snake: Lair:3-6    Spider: Lair:3-6       Orc: D:9-12      Vaults: D:13-14

Altars:
Ashenzari
Cheibriados
Dithmenos
Elyvilon
Fedhas
Gozag
Kikubaaqudgha
Makhleb
Nemelex Xobeh
Okawaru
Qazlal
Ru
Sif Muna
Trog
Vehumet
Xom
Yredelemnul
Zin
The Shining One

Shops:
D:7 :

Annotations:
D:5 2 runed doors Volcano nublet's ghost, journeyman OgGl


Message History

You are too injured to fight recklessly!
You are too injured to fight recklessly!
You are too injured to fight recklessly!
You can feel time thicken for a moment.
You feel somewhat less full.
Your surroundings suddenly seem different.
Nublet's ghost (journeyman Ogre Gladiator) comes into view.
It is wielding a weapon of flaming.
You miss nublet's ghost.
You claw nublet's ghost, but do no damage.
You peck nublet's ghost, but do no damage.
Nublet's ghost is lightly damaged.
Nublet's ghost completely misses you.
You closely miss nublet's ghost.
You claw nublet's ghost, but do no damage.
You peck nublet's ghost, but do no damage.
Nublet's ghost is lightly damaged.
Nublet's ghost hits you but does no damage.
You hit nublet's ghost. You claw nublet's ghost.
Your peck misses nublet's ghost.
Nublet's ghost is lightly damaged.
You punch nublet's ghost!
You claw nublet's ghost, but do no damage.
Nublet's ghost is lightly damaged.
Nublet's ghost hits you but does no damage.
You punch nublet's ghost! Your kick misses nublet's ghost.
Your punch misses nublet's ghost.
Nublet's ghost is lightly damaged.
Nublet's ghost hits you!! Nublet's ghost burns you.
You hit nublet's ghost. Your kick misses nublet's ghost.
Nublet's ghost is moderately damaged.
You barely miss nublet's ghost.
You claw nublet's ghost, but do no damage.
Your peck misses nublet's ghost.
Nublet's ghost is moderately damaged.
Nublet's ghost hits you!
You die...

§§≈≈≈≈≈≈≈§≈≈≈≈≈§≈
≈§≈≈≈≈§≈≈§≈≈§≈≈§≈
§§§≈§≈≈§§≈≈≈≈≈§§≈
≈§≈§≈≈≈≈§≈§§≈§§§≈
§§§§§§§§§§≈§≈≈≈≈≈
≈≈≈≈§≈≈≈§≈≈§≈....
.................
......W@.........
.................
........#####.##.
##....### .#
##.## ##


You could see nublet's ghost.

Action                   |  1- 3 |  4- 6 |  7- 9 | 10-12 | 13-15 || total
-------------------------+-------+-------+-------+-------+-------++-------
Melee: Unarmed           |   105 |   170 |   351 |   563 |    45 ||  1234
Invok: Slouch            |       |       |       |       |     1 ||     1
 Abil: Fly               |       |     1 |    13 |    31 |     1 ||    46
Evoke: Wand              |       |       |     3 |       |     1 ||     4
  Use: Scroll            |       |     5 |     8 |    10 |     1 ||    24
       Potion            |       |       |     2 |     1 |     4 ||     7
 Stab: Sleeping          |     6 |       |     1 |       |       ||     7
  Eat: Chunk             |     1 |     8 |    32 |    22 |       ||    63

Notes
Turn   | Place    | Note
--------------------------------------------------------------
     0 | D:1      | Duffy the Tengu Monk began the quest for the Orb.
     0 | D:1      | Reached XP level 1. HP: 14/14 MP: 2/2
   122 | D:1      | Reached XP level 2. HP: 13/19 MP: 3/3
   267 | D:1      | Reached skill level 5 in Unarmed Combat
   559 | D:1      | Reached XP level 3. HP: 23/23 MP: 4/4
  1340 | D:2      | Noticed Sigmund
  1501 | D:3      | Reached XP level 4. HP: 14/29 MP: 5/5
  1701 | D:2      | Killed Sigmund
  1701 | D:2      | Reached skill level 4 in Fighting
  1701 | D:2      | Reached skill level 6 in Unarmed Combat
  1701 | D:2      | Gained mutation: You can fly. [Tengu growth]
  1701 | D:2      | Reached XP level 5. HP: 32/34 MP: 6/6
  1701 | D:2      | Reached XP level 6. HP: 36/39 MP: 7/7
  2064 | D:2      | Noticed Jessica
  2074 | D:2      | Killed Jessica
  2074 | D:2      | Reached skill level 5 in Fighting
  2324 | D:2      | You fall through a shaft for 2 floors!
  2327 | D:4      | Found a bloodstained altar of Trog.
  2860 | D:3      | Found a white marble altar of Elyvilon.
  3322 | D:3      | Reached skill level 7 in Unarmed Combat
  3431 | D:4      | Reached skill level 4 in Dodging
  3648 | D:4      | Reached XP level 7. HP: 44/44 MP: 8/8
  4531 | D:4      | Reached skill level 5 in Dodging
  4947 | D:4      | Found a blossoming altar of Fedhas.
  4964 | D:4      | Reached skill level 8 in Unarmed Combat
  5178 | D:4      | Reached skill level 6 in Dodging
  5178 | D:4      | Reached XP level 8. HP: 30/49 MP: 9/9
  5361 | D:5      | Entered Level 5 of the Dungeon
  5456 | D:5      | Found a runed door.
  5722 | D:5      | Found a staircase to the Ecumenical Temple.
  5728 | Temple   | Entered the Ecumenical Temple
  5974 | Temple   | Became a worshipper of Cheibriados the Contemplative
  5974 | Temple   | Reached * piety under Cheibriados
  5974 | Temple   | Reached ** piety under Cheibriados
  6422 | D:5      | Reached skill level 6 in Fighting
  6422 | D:5      | Reached skill level 9 in Unarmed Combat
  6657 | D:5      | Found a runed door.
  7427 | D:6      | Found a snail-covered altar of Cheibriados.
  7447 | D:6      | Reached skill level 7 in Fighting
  7447 | D:6      | Reached XP level 9. HP: 15/57 MP: 8/10
  7471 | D:6      | Reached *** piety under Cheibriados
  7527 | D:6      | Learned a level 2 spell: Repel Missiles
  7662 | D:6      | Found an opulent altar of Gozag.
  7685 | D:6      | Noticed a hill giant
  7697 | D:6      | Killed a hill giant
  7697 | D:6      | Reached skill level 1 in Armour
  7697 | D:6      | Reached skill level 10 in Unarmed Combat
  7844 | D:6      | Reached skill level 2 in Armour
  8494 | D:7      | Reached skill level 3 in Armour
  8514 | D:7      | Found Duemuph's Book Shop.
  8607 | D:7      | Reached skill level 7 in Dodging
  8634 | D:7      | Reached skill level 11 in Unarmed Combat
  8984 | D:7      | Found a stormy altar of Qazlal.
  8984 | D:7      | Found a basalt altar of Yredelemnul.
  9022 | D:7      | Reached **** piety under Cheibriados
  9257 | D:7      | Reached skill level 4 in Armour
  9257 | D:7      | Reached XP level 10. HP: 63/63 MP: 11/11
  9314 | D:8      | Noticed Grum
  9333 | D:8      | Killed Grum
  9477 | D:8      | Reached skill level 8 in Dodging
  9477 | D:8      | Reached skill level 12 in Unarmed Combat
  9698 | D:8      | Reached skill level 1 in Invocations
  9748 | D:8      | Reached ***** piety under Cheibriados
 10093 | D:8      | Found a burning altar of Makhleb.
 10216 | D:8      | Reached skill level 2 in Invocations
 10407 | D:8      | Found a staircase to the Lair.
 10440 | D:8      | Reached skill level 13 in Unarmed Combat
 10687 | D:8      | Reached skill level 3 in Invocations
 11147 | D:9      | Reached XP level 11. HP: 55/67 MP: 14/14
 11505 | D:9      | Reached ****** piety under Cheibriados
 11505 | D:9      | Reached skill level 4 in Invocations
 11776 | D:9      | Reached skill level 14 in Unarmed Combat
 11936 | D:10     | Entered Level 10 of the Dungeon
 12108 | D:10     | Reached skill level 5 in Invocations
 12215 | D:10     | You fall through a shaft for 3 floors!
 12487 | D:10     | Noticed Gastronok
 12704 | D:10     | Noticed a hill giant
 12711 | D:10     | Killed a hill giant
 12711 | D:10     | Reached skill level 6 in Invocations
 12853 | D:10     | Killed Gastronok
 12853 | D:10     | Reached skill level 7 in Invocations
 13141 | D:10     | Killed an unseen horror
 13141 | D:10     | Reached skill level 8 in Invocations
 13812 | D:10     | Noticed a hill giant
 13818 | D:10     | Killed a hill giant
 13818 | D:10     | Reached XP level 12. HP: 16/72 MP: 15/19
 14280 | Lair:1   | Entered Level 1 of the Lair of Beasts
 14448 | Lair:1   | Reached skill level 5 in Armour
 14601 | Lair:1   | Noticed Prince Ribbit
 14608 | Lair:1   | Killed Prince Ribbit
 14740 | Lair:1   | Reached skill level 8 in Fighting
 14877 | Lair:1   | Reached skill level 9 in Dodging
 15381 | Lair:1   | Reached skill level 6 in Armour
 15750 | Lair:2   | Found a frozen archway.
 15760 | IceCv    | Entered an ice cave
 15979 | Lair:2   | Found a glowing golden altar of the Shining One.
 16243 | Lair:2   | Reached skill level 15 in Unarmed Combat
 16286 | Lair:2   | Reached skill level 10 in Dodging
 16335 | Lair:2   | Reached skill level 7 in Armour
 16557 | Lair:2   | Reached XP level 13. HP: 72/80 MP: 20/20
 16705 | Lair:3   | Reached skill level 9 in Fighting
 16741 | Lair:3   | Found a dark tunnel.
 16746 | Volcano  | Entered a volcano
 16813 | Volcano  | Found a bloodstained altar of Trog.
 16821 | Volcano  | Noticed nublet's ghost (journeyman OgGl)
 16829 | Volcano  | Mangled by nublet's ghost

Vault maps used:
D:1:      minmay_arrival_loop
D:2:      minmay_bad_closet, uniq_jessica, uniq_sigmund
D:3:      elyvilon_altar_5, first_bread
D:4:      nicolae_overflow_crystal_walls, fedhas_altar_1
D:5:      lemuel_insect_pit, minmay_temple_entry_hall
D:6:      grunt_gozag_statues, basic_altar, serial_aquarium,
          aquarium_bridge_island_small, aquarium_window_corridor_1,
          aquarium_window_fake, aquarium_view_2e, aquarium_view_2a,
          aquarium_pool_split
D:7:      minitemple, serial_shops, kennysheep_little_box, grunt_ogre_cave,
          minmay_misc_feat_iff
D:8:      erik_lair_orcish_takeover, bloody_makhleb, uniq_grum
D:10:     uniq_gastronok
D:11:     uniq_erica, uniq_josephine, uniq_harold
D:12:     orc_0_dummy
D:13:     minmay_open_boxes_in_corner, serial_shops, kennysheep_mini_moat,
          shop_statue, uniq_rupert
Temple:   minmay_temple_curvy_14
Lair:1:   uniq_prince_ribbit2
Lair:2:   basic_altar, portal_ice_cave_entry_ice_beasts
Lair:3:   swamp_mist_pool, nicolae_volcano_entry_batcave, lab_entry_generic
IceCv:    ice_cave_statue_garden_01
Volcano:  volcano_lake

Vanquished Creatures
  Gastronok
  An unseen horror
  3 hill giants
  An ugly thing
  2 black mambas
  A gargoyle
  6 spiny frogs
  A yaktaur (shapeshifter)
  3 komodo dragons
  3 trolls
  2 two-headed ogres Prince Ribbit
  11 blink frogs
  A trapdoor spider zombie
  A shadow Sigmund
  2 basilisks
  3 fire bats
  13 yaks Grum
  4 hippogriffs
  2 deep elf magi
  9 wolves
  2 hungry ghosts
  3 wargs
  18 ice beasts
  6 porcupines
  A black bear
  5 orc warriors
  3 sky beasts
  A necrophage
  7 ogres
  4 phantoms
  2 crocodiles
  A big kobold
  5 centaurs
  8 giant frogs
  A gnoll sergeant
  2 scorpions
  9 killer bees
  A centaur zombie
  5 crimson imps
  3 jellies
  8 orc wizards
  2 lava snakes
  2 giant frog zombies
  8 orc priests
  2 quasits
  A centaur skeleton
  5 hounds Jessica
  5 iguanas
  8 worker ants
  A killer bee zombie
  A hound zombie
  4 worker ant zombies
  11 gnolls
  8 river rats
  12 adders
  2 shadow imps
  2 oozes
  2 worms
  4 giant geckos
  51 orcs
  3 giant cockroaches
  9 goblins
  5 hobgoblins
  18 jackals
  4 quokkas
  A ball python
  12 bats
  A giant cockroach zombie
  2 giant gecko skeletons
  7 giant newts
  17 kobolds
  7 rats
  8 fungi
  3 plants
397 creatures vanquished.
